 Dungeon Crawl Stone Soup version 0.23-a0-577-g2b1de94 (webtiles) character file.

60610 XanderDroid the Severer (level 14, -16/132 HPs)
             Began as a Minotaur Berserker on Dec 14, 2018.
             Was the Champion of Trog.
             Demolished by Rupert
             ... wielding a +2 great sword of pain
              (33 damage)
             ... on level 2 of the Orcish Mines.
             The game lasted 01:03:41 (20022 turns).

XanderDroid the Severer (Minotaur Berserker)       Turns: 20022, Time: 01:03:41

Health: -16/132    AC: 26    Str: 25    XL:     14   Next: 57%
Magic:  13/13      EV: 13    Int:  4    God:    Trog [******]
Gold:   1138       SH:  0    Dex: 12    Spells: 13/13 levels left

rFire    . . .     SeeInvis .   a - +6 executioner's axe (flame)
rCold    . . .     Gourm    .   (shield currently unavailable)
rNeg     . . .     Faith    .   E - +0 plate armour
rPois    .         Spirit   .   F - +2 hat
rElec    .         Reflect  .   d - +1 cloak
rCorr    .         Harm     .   g - +0 pair of gloves
MR       ++...                  I - +2 pair of boots
Stlth    ..........             C - amulet of the acrobat
HPRegen  0.32/turn              L - ring of protection from magic
MPRegen  0.13/turn              t - +4 ring of slaying

@: drained
A: retaliatory headbutt, horns 2
a: Berserk, Trog's Hand, Brothers in Arms, Renounce Religion


You were on level 2 of the Orcish Mines.
You worshipped Trog.
Trog was exalted by your worship.
You were not hungry.

You visited 4 branches of the dungeon, and saw 21 of its levels.
You also visited: Ice Cave and Volcano.

You collected 1578 gold pieces.
You spent 440 gold pieces at shops.

Inventory:

Hand Weapons
 a - a +6 executioner's axe of flaming (weapon)
 b - a +5 antimagic executioner's axe
Missiles
 s - 2 throwing nets (quivered)
Armour
 d - a +1 cloak (worn)
 g - a +0 pair of gloves (worn)
 E - a +0 plate armour (worn)
 F - a +2 hat (worn)
 I - a +2 pair of boots (worn)
Jewellery
 t - a +4 ring of slaying (right hand)
 C - an amulet of the acrobat (around neck)
 L - a ring of protection from magic (left hand)
 M - an uncursed ring of positive energy
Wands
 v - a wand of digging (9)
 w - a wand of flame (69)
 A - a wand of disintegration (3)
 B - a wand of iceblast (11)
Scrolls
 h - 2 scrolls of silence
 m - 2 scrolls of enchant armour
 n - 6 scrolls of immolation
 o - a scroll of fog
 p - 10 scrolls of remove curse
 u - 11 scrolls of teleportation
 x - 3 scrolls of magic mapping
 y - 3 scrolls of identify
 D - a scroll of blinking
 G - a scroll of acquirement {unknown}
Potions
 e - 4 potions of mutation
 f - a potion of ambrosia {unknown}
 i - 2 potions of haste
 k - a potion of lignification {unknown}
 l - 3 potions of heal wounds
 q - 5 potions of flight
 r - 11 potions of curing
 J - 2 potions of invisibility
 K - a potion of magic {unknown}
Comestibles
 c - 48 rations
 j - 18 chunks of flesh


   Skills:
 + Level 14.0(13.8) Fighting
 * Level 18.5(18.4) Axes
 + Level 13.8(13.6) Armour
 + Level 12.7(12.6) Dodging


You had 13 spell levels left.
You didn't know any spells.
Your spell library was empty.

Dungeon Overview and Level Annotations

Branches:
Dungeon (12/15)            Temple (1/1) D:6            Lair (6/6) D:11
 Shoals (0/4) Lair:2        Snake (0/4) Lair:2        Slime (0/5) Lair:5
    Orc (2/2) D:10            Elf (0/3) Orc:2

Altars:
Ashenzari
Cheibriados
Dithmenos
Elyvilon
Fedhas
Gozag
Hepliaklqana
Kikubaaqudgha
Makhleb
Nemelex Xobeh
Okawaru
Qazlal
Ru
Sif Muna
Trog
Uskayaw
Vehumet
Wu Jian
Xom
Yredelemnul
Zin
The Shining One
Beogh

Shops:
D:5 ?   D:9 [

Annotations:
Lair:5 exclusion: 2 oklob plants
Orc:1 3 runed doors, Reafim's ghost, journeyman TrHu
Orc:2 Rupert


Innate Abilities, Weirdness & Mutations

You reflexively headbutt those who attack you in melee.
You have a pair of horns on your head.


Message History

a +0 dire flail x2
You slash Rupert! You burn Rupert. Your headbutt misses Rupert.
Rupert is lightly wounded.
Rupert hits you but does no damage.
You cut Rupert into ribbons!!! You burn Rupert! You headbutt Rupert!
Rupert is severely wounded.
You hear a shout! x4; You hear two shouts!
Rupert roars madly and goes into a rage!
Rupert goes berserk!
Your plate armour prevents you from hitting Rupert.
Rupert is severely wounded.
Rupert hits you with a +2 great sword of pain!!
* * * LOW HITPOINT WARNING * * *
You writhe in agony.
* * * LOW HITPOINT WARNING * * *
An orc comes into view.
Your plate armour prevents you from hitting Rupert.
Rupert is severely wounded.
Rupert hits you with a +2 great sword of pain!!
You die...

......... $.....
..#....... .#.....#
.......... o......#
...#....... #...o...
##....$.......
#......#
#.#..#...#.....
.....#.##.... ..
#..... #.......#$# #
##.... #@@..###
##... ##.)..#.##
###.... #........#
##.##...
#...#....####.......
##...#.....###.##...
##.>###.....##.#...
##..#.............
###.....#....#...
##.#.##...#....


You could see Rupert (berserk), an orc warrior and an orc.

Vanquished Creatures
  The ghost of tilp the Impaler, a journeyman MfIE of Makhleb (Lair:3)
  The ghost of Zanta616 the Fighter, a journeyman DrTm of Ru (Lair:3)
  An ettin (Orc:2)
  A fire dragon (Lair:6)
  Josephine (D:12)
  Harold (D:6)
  4 hydras
  A centaur warrior (D:12)
  3 death yaks (Lair:4)
  3 two-headed ogres
  The ghost of Eptagon the Ruffian, a novice TrFi of Okawaru (D:7)
  The ghost of Duffy the Firebug, a novice DEFE of Vehumet (D:6)
  A lindwurm (Lair:6)
  Pikel (D:4)
  An orc knight (Orc:2)
  A deep elf mage (D:11)
  A manticore (D:11)
  2 ugly things (D:11)
  7 black mambas
  6 torpor snails
  26 elephants
  Maurice (D:12)
  4 centaur zombies
  Joseph (D:8)
  2 gargoyles
  10 spiny frogs
  3 rime drakes
  9 komodo dragons
  A queen bee (Lair:2)
  A polar bear (Lair:5)
  4 tyrant leeches (Lair:6)
  A wolf spider simulacrum (IceCv)
  8 hornets
  2 trolls
  10 hippogriffs
  8 blink frogs
  A shadow (D:11)
  A wyvern (D:10)
  4 wraiths (D:12)
  6 yaks
  A human (D:8)
  4 hogs (D:8)
  A fire elemental (Lair:3)
  2 hungry ghosts
  3 chaos spawn (D:10)
  6 basilisks
  3 steam dragons
  Edmund (D:4)
  A warg (Orc:2)
  3 nagas (Lair:2)
  2 insubstantial wisps (D:7)
  4 water moccasins
  6 porcupines
  7 sky beasts
  10 ice beasts
  11 orc warriors
  3 slaves (D:3)
  A hornet zombie (D:6)
  2 phantoms
  7 ogres
  3 necrophages
  9 wolves (Lair:5)
  13 centaurs
  A big kobold (D:9)
  11 crocodiles
  10 bullfrogs
  Blork the orc (D:4)
  A wyvern skeleton (D:11)
  4 scorpions
  28 killer bees
  4 wights (D:10)
  4 howler monkeys
  An electric eel (Lair:2)
  8 crimson imps
  A bullfrog zombie (D:10)
  5 lava snakes (Volcano)
  A wyvern simulacrum (D:7)
  4 hounds
  2 centaur skeletons
  Crazy Yiuf (D:6)
  4 bullfrog skeletons
  2 jellies
  17 orc priests
  4 hell rats (Lair:6)
  5 iguanas
  12 orc wizards
  9 worker ants
  A killer bee zombie (D:5)
  A howler monkey zombie (D:8)
  A worker ant zombie (D:6)
  A howler monkey skeleton (D:11)
  15 adders
  5 shadow imps
  An ooze (D:3)
  2 adder zombies
  An adder skeleton (D:6)
  4 worms
  4 dart slugs (D:1)
  7 leopard geckos
  81 orcs
  2 ball pythons
  8 bats
  7 giant cockroaches
  8 goblins
  10 hobgoblins
  8 kobolds
  2 quokkas
  4 frilled lizards
  A leopard gecko skeleton (D:5)
  A quokka skeleton (D:9)
  5 rats
  A bush (D:1)
  2 fungi (Lair:4)
  9 plants
577 creatures vanquished.

Vanquished Creatures (others)
  A slave (D:7)
  An orc priest (D:12)
  12 fungi
  9 plants (Lair:6)
  2 withered plants (Lair:3)
25 creatures vanquished.

Grand Total: 602 creatures vanquished

Notes
Turn   | Place    | Note
-------+----------+-------------------------------------------
     0 | D:1      | XanderDroid the Minotaur Berserker began the quest for the
                  | Orb.
     0 | D:1      | Reached XP level 1. HP: 19/19 MP: 0/0
    19 | D:1      | Noticed an electric eel
   123 | D:1      | Reached XP level 2. HP: 27/27 MP: 1/1
   139 | D:1      | Reached skill level 4 in Axes
   345 | D:1      | Reached XP level 3. HP: 33/33 MP: 2/2
   507 | D:1      | Reached ** piety under Trog
  1084 | D:2      | Reached XP level 4. HP: 28/40 MP: 3/3
  1241 | D:2      | Reached skill level 5 in Axes
  1662 | D:3      | Found a sparkling altar of Nemelex Xobeh.
  1714 | D:3      | Reached XP level 5. HP: 45/47 MP: 4/4
  2167 | D:3      | Reached *** piety under Trog
  2359 | D:4      | Noticed a slave
  2360 | D:4      | Noticed a slave
  2363 | D:4      | Noticed a slave
  2365 | D:4      | Noticed a slave
  2392 | D:3      | Killed a slave
  2481 | D:3      | Killed a slave
  2488 | D:3      | Killed a slave
  2595 | D:4      | Noticed Blork the orc
  2606 | D:4      | Killed Blork the orc
  2606 | D:4      | Reached XP level 6. HP: 55/55 MP: 5/5
  2680 | D:4      | Reached skill level 6 in Axes
  2827 | D:4      | Reached skill level 5 in Fighting
  2944 | D:4      | Noticed Pikel
  2960 | D:4      | Killed Pikel
  2960 | D:4      | Reached skill level 7 in Axes
  2960 | D:4      | Reached skill level 5 in Armour
  2960 | D:4      | Reached XP level 7. HP: 62/62 MP: 6/6
  3202 | D:4      | Noticed Edmund
  3226 | D:4      | Killed Edmund
  3226 | D:4      | Reached skill level 8 in Axes
  3226 | D:4      | Reached skill level 5 in Dodging
  3226 | D:4      | Reached XP level 8. HP: 70/70 MP: 7/7
  3384 | D:5      | Entered Level 5 of the Dungeon
  3868 | D:5      | Found Gaceq's Magic Scroll Shoppe.
  3873 | D:5      | Bought a scroll of teleportation for 33 gold pieces
  3873 | D:5      | Bought a scroll of identify for 22 gold pieces
  3873 | D:5      | Bought a scroll of magic mapping for 38 gold pieces
  3883 | D:5      | Bought a scroll of teleportation for 33 gold pieces
  3883 | D:5      | Bought a scroll of teleportation for 33 gold pieces
  3883 | D:5      | Bought a scroll of immolation for 38 gold pieces
  3917 | D:5      | Reached skill level 9 in Axes
  3939 | D:5      | Found an ornate altar of the Wu Jian Council.
  3940 | D:5      | Found a shattered altar of Ashenzari.
  3963 | D:5      | Reached **** piety under Trog
  4189 | D:6      | Found a shimmering altar of Xom.
  4731 | D:6      | Found a runed door.
  4735 | D:6      | Noticed Crazy Yiuf
  4738 | D:6      | Killed Crazy Yiuf
  4794 | D:6      | Found a staircase to the Ecumenical Temple.
  4802 | D:6      | Reached XP level 9. HP: 75/79 MP: 8/8
  4817 | Temple   | Entered the Ecumenical Temple
  4936 | D:6      | Found a runed door.
  4937 | D:6      | Noticed Duffy's ghost (novice DEFE)
  5017 | D:6      | Found a shadowy altar of Dithmenos.
  5353 | D:7      | Reached skill level 10 in Axes
  5377 | D:7      | Noticed Harold
  5398 | D:6      | Killed Harold
  5455 | D:7      | Reached skill level 11 in Axes
  5762 | D:5      | Bought a scroll of silence for 82 gold pieces
  5823 | D:7      | Reached XP level 10. HP: 59/90 MP: 9/9
  6146 | D:7      | Found a runed gate.
  6147 | D:7      | Found a runed gate.
  6148 | D:7      | Found a runed gate.
  6148 | D:7      | Noticed Eptagon's ghost (novice TrFi)
  6226 | D:7      | Found a glowing silver altar of Zin.
  6267 | D:7      | Found a snail-covered altar of Cheibriados.
  6732 | D:8      | Noticed a two-headed ogre
  6740 | D:8      | Killed a two-headed ogre
  6740 | D:8      | Reached skill level 12 in Axes
  6768 | D:8      | Noticed Joseph
  7044 | D:8      | Killed Joseph
  7098 | D:8      | Reached ***** piety under Trog
  7111 | D:8      | Found a roughly hewn altar of Beogh.
  7980 | D:9      | Found Gaczux's Armour Boutique.
  7983 | D:9      | Bought a +1 pair of boots for 161 gold pieces
  7994 | D:9      | Noticed a two-headed ogre
  7999 | D:9      | Killed a two-headed ogre
  7999 | D:9      | Reached skill level 13 in Axes
  7999 | D:9      | Reached XP level 11. HP: 99/99 MP: 10/10
  8400 | D:10     | Entered Level 10 of the Dungeon
  8413 | D:10     | Reached skill level 10 in Fighting
  8683 | D:10     | Found a roughly hewn altar of Beogh.
  8706 | D:10     | Received a gift from Trog
  8860 | D:10     | Found a staircase to the Orcish Mines.
  9009 | D:10     | Reached skill level 10 in Armour
  9105 | D:10     | Found a shimmering altar of Xom.
  9106 | D:10     | Found the +7 mace of Variability {chain chaos}
  9272 | D:11     | Noticed a white ugly thing
  9282 | D:11     | Killed a white ugly thing
  9290 | D:11     | Found a staircase to the Lair.
  9492 | D:11     | Noticed a red ugly thing
  9500 | D:11     | Noticed a deep elf mage
  9503 | D:11     | Killed a red ugly thing
  9503 | D:11     | Reached skill level 14 in Axes
  9512 | D:11     | Killed a deep elf mage
  9866 | D:11     | Received a gift from Trog
  9914 | D:11     | Noticed a two-headed ogre
  9923 | D:11     | Killed a two-headed ogre
 10151 | D:6      | Killed Duffy's ghost
 10151 | D:6      | Reached skill level 10 in Dodging
 10151 | D:6      | Reached XP level 12. HP: 109/109 MP: 3/11
 10226 | D:7      | Killed Eptagon's ghost
 10348 | Lair:1   | Entered Level 1 of the Lair of Beasts
 11135 | Lair:2   | Received a gift from Trog
 11258 | Lair:2   | Found a staircase to the Snake Pit.
 11274 | Lair:2   | Reached skill level 15 in Axes
 11319 | Lair:2   | Noticed an eight-headed hydra
 11326 | Lair:2   | Killed a five-headed hydra
 11727 | Lair:2   | Found a staircase to the Shoals.
 13126 | Lair:3   | Found a runed gate.
 13127 | Lair:3   | Found a runed gate.
 13128 | Lair:3   | Found a runed gate.
 13133 | Lair:3   | Noticed tilp's ghost (journeyman MfIE)
 13134 | Lair:3   | Noticed Zanta616's ghost (journeyman DrTm)
 13516 | Lair:4   | Found a frozen archway.
 13520 | Lair:4   | Received a gift from Trog
 13536 | Lair:4   | Got a slimy longbow {god gift}
 13548 | Lair:4   | Identified the +6 longbow of Annihilation {velocity, rPois
                  | rF+} (Trog gifted it to you on level 4 of the Lair of
                  | Beasts)
 13604 | Lair:4   | Reached skill level 16 in Axes
 13642 | IceCv    | Entered an ice cave
 13649 | IceCv    | Reached XP level 13. HP: 27/117 MP: 12/12
 13892 | Lair:4   | Found a dark tunnel.
 13980 | Volcano  | Entered a volcano
 15547 | Lair:5   | Reached skill level 17 in Axes
 16026 | Lair:5   | Found a staircase to the Slime Pits.
 16085 | Lair:6   | Entered Level 6 of the Lair of Beasts
 16180 | Lair:6   | Received a gift from Trog
 16627 | Lair:6   | Reached XP level 14. HP: 117/129 MP: 13/13
 16748 | Lair:6   | Found a runed door.
 16754 | Lair:6   | Reached ****** piety under Trog
 16942 | Lair:6   | Reached skill level 18 in Axes
 17231 | Lair:6   | Paralysed by a hornet for 2 turns
 18001 | D:12     | Noticed Maurice
 18006 | D:12     | Killed Maurice
 18048 | D:12     | Noticed Josephine
 18062 | D:12     | Killed Josephine
 19011 | Orc:1    | Entered Level 1 of the Orcish Mines
 19085 | Orc:1    | Noticed a stone giant
 19088 | Orc:1    | Noticed Reafim's ghost (journeyman TrHu)
 19193 | Orc:1    | Found a runed gate.
 19193 | Orc:1    | Found a runed gate.
 19193 | Orc:1    | Found a runed gate.
 19265 | Orc:1    | Received a gift from Trog
 19470 | Lair:3   | Killed Zanta616's ghost
 19478 | Lair:3   | Killed tilp's ghost
 19775 | Orc:2    | Entered Level 2 of the Orcish Mines
 19996 | Orc:2    | Found a staircase to the Elven Halls.
 20010 | Orc:2    | Noticed Rupert
 20022 | Orc:2    | Demolished by Rupert

Vault maps used:
D:1:      arrival_aquarium_a, serial_forest, infiniplex_forest_split,
          infiniplex_forest_clump_cross, infiniplex_forest_side_room,
          infiniplex_forest_clump_medium, infiniplex_forest_lined_room_,
          infiniplex_forest_clump_C, infiniplex_forest_end_1,
          infiniplex_forest_zigzag_1, infiniplex_forest_straight_3,
          kennysheep_flooded_box
D:2:      kennysheep_nub
D:3:      nicolae_overflow_crystal_walls, serial_glass, glass_columns_a,
          glass_columns_a, glass_columns_c, glass_columns_a, minmay_cupped
D:4:      uniq_edmund, uniq_blork_the_orc, uniq_pikel
D:5:      chequers_temple_overflow_statue_of_worship, first_ration,
          serial_shops, shop
D:6:      lemuel_crystal_altar, minmay_temple_entry_glass,
          ebering_ghost_reflecting_pool, grunt_dithmenos_smoke_and_mirrors,
          uniq_crazy_yiuf_cottage
D:7:      zin_academy, slow_altar_1, gammafunk_ghost_necromancy,
          hangedman_misty_isle, uniq_harold
D:8:      special_room, grunt_livestock, uniq_joseph
D:9:      serial_shops, kennysheep_mini
D:10:     david_orc_5, nicolae_two_hexagons, minmay_guarded_unrand_variability
D:11:     lair_entry_dummy
D:12:     st_stairs_14, uniq_josephine, uniq_maurice
Temple:   regret_index_temple_waves
Lair:2:   minmay_shoals_entry_centaurs, guppyfry_snake_entry_island,
          lemuel_fruit_tree, grunt_megastairs_1, lemuel_fruit_fields,
          serial_bayou_shore_a
Lair:3:   gammafunk_ghost_cemetery
Lair:4:   portal_ice_cave_entry_ice_beasts, nicolae_volcano_entry_hallway,
          hangedman_lair_generics_rect
Lair:5:   minmay_slime_entry_oklob_open
Lair:6:   wormcave
Orc:1:    basic_altar, gammafunk_ghost_split
Orc:2:    pf_orc_diabolical, uniq_rupert
IceCv:    ice_cave_small_necro
Volcano:  volcano_lake

Skill      XL: |  1  2  3  4  5  6  7  8  9 10 11 12 13 14 |
---------------+-------------------------------------------+-----
Axes           | 4 5 7 8 9 11 13 14 16 17 18 | 18.5
Fighting       | 4 5 6 7 8 9 11 12 13 14 | 14.0
Armour         | 3 4 5 6 8 9 10 11 13 | 13.8
Dodging        | 3 4 5 6 7 8 10 11 12 | 12.7

Action                   |  1- 3 |  4- 6 |  7- 9 | 10-12 | 13-15 || total
-------------------------+-------+-------+-------+-------+-------++-------
Melee: Hand axe          |   142 |   177 |    57 |       |       ||   376
       Headbutt          |    40 |    26 |    39 |   134 |    84 ||   323
       War axe           |       |       |   129 |   234 |       ||   363
       Broad axe         |       |       |       |   151 |       ||   151
       Executioner's axe |       |       |       |   129 |   373 ||   502
Invok: Berserk           |       |     4 |     4 |     7 |     5 ||    20
  Use: Scroll            |       |     5 |     2 |     7 |    11 ||    25
       Potion            |       |       |       |       |     1 ||     1
 Stab: Sleeping          |     1 |       |       |       |       ||     1
  Eat: Chunk             |     1 |     8 |    12 |    25 |    15 ||    61
       Ration            |       |       |     2 |     2 |     3 ||     7
Armor: Animal skin       |    12 |     2 |       |       |       ||    14
       Chain mail        |       |    92 |    96 |    43 |       ||   231
       Plate armour      |       |       |       |   269 |   261 ||   530
Dodge: Dodged            |    32 |    70 |   109 |   334 |   234 ||   779

Table legend:
 A = Non-vault XP
 B = Vault XP
 C = Vault XP percentage of total XP
 D = Non-vault monster count
 E = Vault monster count
 F = Vault count percentage of total count
                 A         B        C        D         E       F
            +---------+---------+-------+---------+---------+-------
      Total |   57651 |   28935 |  33.4 |     401 |     161 |  28.6
            +---------+---------+-------+---------+---------+-------
        D:1 |      50 |       0 |   0.0 |      23 |       0 |   0.0
        D:2 |     125 |       0 |   0.0 |      22 |       0 |   0.0
        D:3 |      77 |      22 |  22.2 |      22 |       3 |  12.0
        D:4 |     402 |     895 |  69.0 |      11 |       3 |  21.4
        D:5 |     732 |       0 |   0.0 |      21 |       0 |   0.0
        D:6 |     951 |    1699 |  64.1 |      26 |       3 |  10.3
        D:7 |    1345 |    1873 |  58.2 |      21 |      13 |  38.2
        D:8 |    1472 |    1678 |  53.3 |      17 |      29 |  63.0
        D:9 |    2270 |       0 |   0.0 |      21 |       0 |   0.0
       D:10 |    2605 |    1299 |  33.3 |      23 |      27 |  54.0
       D:11 |    6582 |       0 |   0.0 |      37 |       0 |   0.0
       D:12 |    2341 |    2413 |  50.8 |      14 |       7 |  33.3
     Lair:1 |     183 |       0 |   0.0 |       1 |       0 |   0.0
     Lair:2 |    2365 |    3883 |  62.1 |      12 |      35 |  74.5
     Lair:3 |    2784 |    2626 |  48.5 |      11 |       2 |  15.4
     Lair:4 |    7914 |    5046 |  38.9 |      23 |      15 |  39.5
     Lair:5 |    7342 |       0 |   0.0 |      28 |       0 |   0.0
     Lair:6 |   15236 |    6992 |  31.5 |      43 |      18 |  29.5
      Orc:1 |     320 |       0 |   0.0 |      10 |       0 |   0.0
      Orc:2 |    2555 |       0 |   0.0 |      15 |       0 |   0.0
      IceCv |       0 |     274 | 100.0 |       0 |       1 | 100.0
    Volcano |       0 |     235 | 100.0 |       0 |       5 | 100.0
            +---------+---------+-------+---------+---------+-------
